 Dungeon Crawl Stone Soup version 0.23.0 (webtiles) character file.

Game seed: 8090701002559743822

574 Monsterracer the Conjurer (level 7, 0/37 HPs)
             Began as a Deep Elf Wizard on Feb 9, 2019.
             Was an Initiate of Gozag.
             Shot with an arrow by a centaur (10 damage)
             ... on level 4 of the Dungeon.
             The game lasted 00:05:22 (4166 turns).

Monsterracer the Conjurer (Deep Elf Wizard)         Turns: 4166, Time: 00:05:23

Health: 0/37       AC:  3    Str:  4    XL:     7   Next: 12%
Magic:  13/16      EV: 13    Int: 25    God:    Gozag
Gold:   228        SH:  0    Dex: 13    Spells: 6/15 levels left

rFire    . . .     SeeInvis +   b - +2 dagger (elec)
rCold    . . .     Gourm    .   (no shield)
rNeg     . . .     Faith    .   m - +0 robe
rPois    .         Spirit   .   k - +0 hat
rElec    .         Reflect  .   q - +0 cloak
rCorr    .         Harm     .   (no gloves)
MR       .....                  (no boots)
Stlth    ++........             (no amulet)
HPRegen  0.12/turn              S - ring of see invisible
MPRegen  0.15/turn              (no ring)

@: no status effects
A: no striking features
a: Potion Petition, Call Merchant, Bribe Branch, Renounce Religion


You were on level 4 of the Dungeon.
You worshipped Gozag.
Gozag was aware of your devotion.
You were not hungry.

You visited 1 branch of the dungeon, and saw 4 of its levels.

You collected 228 gold pieces.

Inventory:

Hand Weapons
 a - a +2 spear of venom
 b - a +2 dagger of electrocution (weapon)
Armour
 k - a +0 hat (worn)
 m - a +0 robe (worn)
 o - a +0 buckler
 q - a +0 cloak (worn)
Jewellery
 S - a ring of see invisible (left hand)
Scrolls
 d - 2 scrolls of teleportation {unknown}
 e - 2 scrolls of enchant weapon {unknown}
 h - 3 scrolls of identify {unknown}
 p - a scroll of remove curse {unknown}
 r - a scroll of random uselessness {unknown}
 s - a scroll of magic mapping {unknown}
 t - a scroll of enchant armour {unknown}
Potions
 f - 3 potions of brilliance {unknown}
 g - a potion of degeneration {unknown}
 i - a potion of haste {unknown}
 j - a potion of cancellation {unknown}
 l - a potion of curing
 n - a potion of heal wounds {unknown}
Comestibles
 c - 5 rations


   Skills:
 + Level 0.9 Fighting
 + Level 3.0 Dodging
 - Level 2.4 Stealth
 + Level 1.1 Shields
 + Level 4.9 Spellcasting
 * Level 7.3 Conjurations
   Level 1.1 Summonings
 - Level 1.1 Translocations
 + Level 1.3 Fire Magic


You had 6 spell levels left.
You knew the following spells:

 Your Spells              Type           Power        Failure   Level  Hunger
a - Magic Dart            Conj           ####         1%          1    None
b - Conjure Flame         Conj/Fire      ####....     4%          3    ##.....
c - Mephitic Cloud        Conj/Pois/Air  ###.....     9%          3    ##.....
e - Blink                 Tloc           N/A          8%          2    None

Your spell library contained the following spells:

 Spells                   Type           Power        Failure   Level  Hunger
 Call Imp                 Summ           ##......     8%          2    None
 Slow                     Hex            #.......     13%         2    None


Dungeon Overview and Level Annotations

Branches:
Dungeon (4/15)
 Temple: D:4-7

Altars:
Ashenzari
Cheibriados
Gozag


Message History

The magic dart hits the ogre.
The ogre is almost dead.
Casting: Magic Dart (safe; 1% risk of failure)
Confirm with . or Enter, or press ? or * to list all spells.
Aiming: Magic Dart (safe; 1% risk of failure)
Press: ? - help, Shift-Dir - straight line, f/p - ogre
Aim: an ogre, wielding a +0 giant spiked club (almost dead)
The magic dart hits the ogre.
You kill the ogre!
Your Dodging skill increases to level 3!
Your Shields skill increases to level 1!
You have reached level 7!
Health restored: 37 You now have 6/16 mp.
A dart slug comes into view.
You regained 3 mp, and now have 9/16 mp.
A dart slug is nearby!
A dart slug is nearby!
Casting: Magic Dart (safe; 1% risk of failure)
Confirm with . or Enter, or press ? or * to list all spells.
Aiming: Magic Dart (safe; 1% risk of failure)
Press: ? - help, Shift-Dir - straight line, f - dart slug
Aim: a dart slug (hasn't noticed you)
The magic dart hits the dart slug.
The dart slug is moderately wounded.
Casting: Magic Dart (safe; 1% risk of failure)
Confirm with . or Enter, or press ? or * to list all spells.
Aiming: Magic Dart (safe; 1% risk of failure)
Press: ? - help, Shift-Dir - straight line, f/p - dart slug
Aim: a dart slug (moderately wounded, clinging)
The magic dart hits the dart slug.
The dart slug is heavily wounded.
Casting: Magic Dart (safe; 1% risk of failure)
Confirm with . or Enter, or press ? or * to list all spells.
Aiming: Magic Dart (safe; 1% risk of failure)
Press: ? - help, Shift-Dir - straight line, f/p - dart slug
Aim: a dart slug (heavily wounded, clinging)
The magic dart hits the dart slug.
You kill the dart slug!
You now have 7/16 mp.
Unknown command.
Casting: Magic Dart (safe; 1% risk of failure)
Confirm with . or Enter, or press ? or * to list all spells.
You can't see any susceptible monsters within range! (Use Z to cast anyway.) Unknown command.
Casting: Magic Dart (safe; 1% risk of failure)
Confirm with . or Enter, or press ? or * to list all spells.
You can't see any susceptible monsters within range! (Use Z to cast anyway.)
You now have 213 gold pieces (gained 16).
You see here a +0 giant spiked club.
You now have 217 gold pieces (gained 4).
You now have 223 gold pieces (gained 6).
c - 5 rations (gained 1)
You now have 228 gold pieces (gained 5).
Key pressed, stopping explore.
t - a scroll labeled QEUDESHR YSEE MP restored: 16
Found a stone staircase leading down.
Casting: Magic Dart (safe; 1% risk of failure)
Confirm with . or Enter, or press ? or * to list all spells.
You can't see any susceptible monsters within range! (Use Z to cast anyway.) Unknown command.
There is a stone staircase leading down here.
A centaur comes into view.
The centaur shouts!
The centaur wields a +0 shortbow.
The centaur shoots an arrow.
The arrow hits you.
You see here an arrow.
You take 4 damage, and have 33/37 hp.
A centaur is nearby!
A centaur is nearby!
Casting: Magic Dart (safe; 1% risk of failure)
Confirm with . or Enter, or press ? or * to list all spells.
Aiming: Magic Dart (safe; 1% risk of failure)
Press: ? - help, Shift-Dir - straight line, f - centaur
Aim: a centaur, wielding a +0 shortbow The magic dart hits the centaur but does no damage.
The centaur shoots an arrow.
The arrow hits you!
* * * LOW HITPOINT WARNING * * *
The centaur shoots an arrow.
The arrow hits you!
* * * LOW HITPOINT WARNING * * *
You take 22 damage, and have 11/37 hp.
MASSIVE DAMAGE!!
You now have 15/16 mp.
Casting: Magic Dart (safe; 1% risk of failure)
Confirm with . or Enter, or press ? or * to list all spells.
Okay, then.
Casting: Magic Dart (safe; 1% risk of failure)
Confirm with . or Enter, or press ? or * to list all spells.
Aiming: Conjure Flame (safe; 4% risk of failure)
Press: ? - help, Dir - move target cursor The fire ignites!
You now have 12/16 mp.
The centaur shoots an arrow.
The arrow misses you.
The centaur shoots an arrow.
The arrow misses you.
The centaur shoots an arrow.
The arrow hits you.
* * * LOW HITPOINT WARNING * * *
You see here an arrow.
You take 2 damage, and have 10/37 hp.
The centaur shoots an arrow.
The arrow hits you!
You die...
Your body crumbles into a pile of gold.

####.### ###...## #..###
#......####......# #.....
#.##.#...........######.##.
#####.##.#.####..#.......)..##.
..............#....#.#######...
..##..###..##......#.# #...
#..###..####......# #...
#...(...####......# #....
#.#.##....(@..#.### #....
...c..#######...# #......
###.#### #...# #.#..## #c #...#
#.#.... .# #####...##### #...#
# ###...........#.#. #
..................
##..>........#...
...###<..##### #


You could see a centaur.

Vanquished Creatures
  Sigmund (D:2)
  An ogre (D:4)
  Crazy Yiuf (D:2)
  Jessica (D:2)
  A worker ant (D:4)
  Ijyb (D:3)
  Terence (D:2)
  11 adders
  An adder skeleton (D:4)
  3 worms
  4 dart slugs
  2 orcs (D:3)
  9 bats
  7 giant cockroaches
  9 goblins
  9 hobgoblins
  6 jackals
  A quokka (D:4)
  2 ball pythons
  4 frilled lizards
  7 kobolds
  5 rats
87 creatures vanquished.

Notes
Turn   | Place    | Note
-------+----------+-------------------------------------------
     0 | D:1      | Monsterracer the Deep Elf Wizard began the quest for the
                  | Orb.
     0 | D:1      | Reached XP level 1. HP: 10/10 MP: 7/7
   143 | D:1      | Reached skill level 2 in Conjurations
   206 | D:1      | Reached XP level 2. HP: 15/15 MP: 0/9
   378 | D:1      | Learned a level 2 spell: Blink
   497 | D:1      | Reached skill level 3 in Conjurations
   992 | D:1      | Reached XP level 3. HP: 19/19 MP: 7/10
  1081 | D:1      | Learned a level 3 spell: Conjure Flame
  1085 | D:1      | Learned a level 3 spell: Mephitic Cloud
  1363 | D:2      | Reached skill level 4 in Conjurations
  1539 | D:2      | Reached XP level 4. HP: 24/24 MP: 4/12
  1709 | D:2      | Noticed Jessica
  1717 | D:2      | Killed Jessica
  1717 | D:2      | Reached skill level 5 in Conjurations
  2078 | D:2      | Noticed Terence
  2088 | D:2      | Killed Terence
  2088 | D:2      | Reached XP level 5. HP: 27/28 MP: 3/13
  2286 | D:2      | Found a runed translucent door.
  2287 | D:2      | Noticed Crazy Yiuf
  2377 | D:2      | Noticed Sigmund
  2384 | D:2      | HP: 13/28 [Sigmund/+0 scythe (4)]
  2386 | D:2      | Killed Sigmund
  2386 | D:2      | Reached skill level 6 in Conjurations
  2386 | D:2      | Reached XP level 6. HP: 15/32 MP: 5/14
  2647 | D:2      | Killed Crazy Yiuf
  2647 | D:2      | Reached skill level 7 in Conjurations
  2984 | D:3      | Found a faded altar of an unknown god.
  2992 | D:3      | Became a worshipper of Gozag Ym Sagoz the Greedy
  3280 | D:3      | Noticed Ijyb
  3295 | D:3      | Killed Ijyb
  3467 | D:3      | Reached skill level 1 in Fire Magic
  3622 | D:3      | Found a snail-covered altar of Cheibriados.
  3687 | D:3      | Found a shattered altar of Ashenzari.
  3983 | D:4      | Reached skill level 1 in Shields
  3983 | D:4      | Reached XP level 7. HP: 37/37 MP: 6/16
  4158 | D:4      | HP: 18/37 [centaur/arrow (15)]
  4165 | D:4      | HP: 10/37 [centaur/arrow (2)]
  4166 | D:4      | Shot with an arrow by a centaur

Skill      XL: |  1  2  3  4  5  6 |
---------------+-------------------+-----
Conjurations   | 2 3 4 5 6 7 |  7.3
Fire Magic     | 1 |  1.3
Dodging        | 3 |  3.0
Shields        | 1 |  1.1
Fighting       | |  0.9
Stealth        | |  2.4
Spellcasting   | |  4.9
Summonings     | |  1.1
Translocations | |  1.1

Action                   |  1- 3 |  4- 6 |  7- 9 || total
-------------------------+-------+-------+-------++-------
Melee: Dagger            |     2 |       |       ||     2
 Cast: Magic Dart        |    95 |   153 |     5 ||   253
       Conjure Flame     |       |     2 |     1 ||     3
  Eat: Chunk             |     2 |     1 |       ||     3
       Ration            |       |     2 |       ||     2
Armor: Robe              |       |     1 |       ||     1
Dodge: Dodged            |    11 |    17 |     2 ||    30

Levels and vault maps discovered:
D:1:      lightli_iron_boxes, layout_basic, minmay_tromino_i4
D:2:      layout_loops_ring, serial_bayou_pond_d, uniq_sigmund, uniq_jessica,
          uniq_crazy_yiuf_cottage, uniq_terence
D:3:      layout_loops_cross, gammafunk_temple_overflow_statue,
          chequers_ecumenical_altar_simple, uniq_ijyb
D:4:      layout_loops_cross, lemuel_round_altar, first_ration,
          wad_floor_pattern_untrapped, chequers_serial_rivers_small_a,
          item_on_display_a
